cohdb
Replays
Latest Replays
All Replays
Popular Replays
Top Player Replays
Match Explorer
How It Works
Community
CoH3 Stats
Reddit
Sign in to upload your games and track your stats! →
Sign in with Steam
Match 43787452
Unlisted
Match 43787452
Overview
Messages
Build Orders
End
Kettenkrad Recon Vehicle
Construct Infanterie Kompanie
MG 42 Machine Gun Team
Selects Breakthrough Battlegroup
MG 42 Machine Gun Team
Selects Assault Grenadiers
Grenadier Squad
Construct Panzergrenadier Kompanie
Selects Breakthrough
Pak 40 Anti-tank Gun Team
Medical Station
251 Medium Carrier
Panzergrenadier Squad
Selects Incendiary Bombing Run
Selects Rapid Production
Panzergrenadier Squad
Construct Panzer Kompanie
Selects Blitzkrieg
Breakthrough
Sturmpanzer IV Brummbär
Side Skirts
Pioneer Squad
Breakthrough
MG 42 Bunker
Panzer IV Medium Tank
MG 42 Bunker
Selects Tiger Heavy Tank
Nukepapa
Fajolada
Dziki WUNSZ
legs attached
0
0
Comments
sign in to comment!
No comments posted yet!